 Dungeon Crawl Stone Soup version 0.17-a0-1479-g4041c36 (webtiles) character file.

70 hexophile the Magician (level 4, 0/36 HPs)
             Began as a Naga Wizard on July 3, 2015.
             Slain by an adder (2 damage)
             ... on level 2 of the Dungeon.
             The game lasted 00:08:22 (2941 turns).

hexophile the Magician (Naga Wizard)                Turns: 2941, Time: 00:08:23

Health: 0/36       AC:  3    Str:  9    XL:     4   Next: 22%
Magic:  0/9        EV:  9    Int: 20    God:
Gold:   88         SH:  0    Dex:  9    Spells: 4 memorised, 1 level left

rFire  . . .     SeeInvis +     g - +1 dagger
rCold  . . .     Clarity  .     e - mottled dragon hide
rNeg   . . .     SustAt   .     (no shield)
rPois  +         Gourm    .     b - +0 hat
rElec  .         Spirit   .     (no cloak)
rCorr  .         Warding  .     f - +0 pair of gloves
rMut   .         Stasis   .     (no barding)
MR     .....                    (no amulet)
Stlth  ++........               (no ring)
                                (no ring)

@: very slightly contaminated, very slow, not resistant to hostile enchantments,
unstealthy
A: see invisible, deformed body, poison resistance, slowness 2, slow metabolism
1, spit poison 2, AC +1
a: Spit Poison


You were on level 2 of the Dungeon.
You were not hungry.

You visited 1 branch of the dungeon, and saw 2 of its levels.

You collected 88 gold pieces.

Inventory:

Hand weapons
 g - a +1 dagger (weapon)
 i - a +0 spear
Missiles
 j - 26 poisoned needles
 m - 20 stones (quivered)
Armour
 a - a +0 robe
 b - a +0 hat (worn)
 e - a mottled dragon hide (worn)
 f - a +0 pair of gloves (worn)
Scrolls
 h - a scroll of identify
Potions
 d - 3 potions of curing
 k - a potion of cancellation {unknown}
Books
 c - a book of Minor Magic

   Spells                             Type                      Level
   a - Magic Dart                     Conjuration                  1
   b - Blink                          Translocation                2
   c - Call Imp                       Summoning                    2
   d - Repel Missiles                 Charms/Air                   2
   e - Slow                           Hexes                        2
   f - Conjure Flame                  Conjuration/Fire             3
   g - Mephitic Cloud                 Conjuration/Poison/Air       3


   Skills:
 + Level 2.0 Dodging
 - Level 3.0 Stealth
 * Level 3.7 Spellcasting
 * Level 2.4 Conjurations
   Level 1.0 Summonings
 - Level 1.0 Translocations
 + Level 0.6 Air Magic


You had one spell level left.
You knew the following spells:

 Your Spells              Type           Power        Failure   Level  Hunger
a - Magic Dart            Conj           ##..         12%         1    None
b - Blink                 Tloc           N/A          28%         2    ##.....
c - Conjure Flame         Conj/Fire      #.......     41%         3    ###....
d - Mephitic Cloud        Conj/Pois/Air  #.......     54%         3    ###....


Dungeon Overview and Level Annotations

Branches:
Dungeon (2/15)

Altars:


Innate Abilities, Weirdness & Mutations

You cannot wear boots.
Your serpentine skin is tough (AC +1).
You have supernaturally acute eyesight.
Armour fits poorly on your strangely shaped body.
Your system is resistant to poisons.
You cover ground very slowly.
You have a slow metabolism.
You can spit poison.


Message History

Casting: Magic Dart
Confirm with . or Enter, or press ? or * to list all spells.
Aiming: Magic Dart
Press: ? - help, Shift-Dir - straight line, f/p - adder
Aim: an adder (moderately wounded)
The magic dart hits the adder.
The adder is severely wounded.
The adder bites you.
* * * LOW HITPOINT WARNING * * *
Casting: Magic Dart
Confirm with . or Enter, or press ? or * to list all spells.
Aiming: Magic Dart
Press: ? - help, Shift-Dir - straight line, f/p - adder
Aim: an adder (severely wounded)
The magic dart hits the adder.
The adder is almost dead.
The adder bites you.
* * * LOW HITPOINT WARNING * * *
The adder bites you.
You die...

####...# #.# #.#
#.#####.#
##....### #.# #.#
#.......# ...####
#.# #.# #.#######
#..#### #.# #.#
##>#
#.....#####.###.#
#..#
#.###.......##..#
##.## ..#
######..#..##
##..## .##
#...w..####....##
.#
###..#.@S.......#
.# #..####.......#
## #..# ##......#
#..# #..[...# #..#
#......#
####..######<...##
#........# ##..##
#[....>.<# #### #
#........#


You could see a worm and an adder.

Vanquished Creatures
  3 adders (D:2)
  A worm (D:1)
  A ball python (D:1)
  2 giant cockroaches (D:1)
  3 goblins
  6 hobgoblins
  8 jackals (D:1)
  4 kobolds
  2 bats
  2 giant newts (D:1)
  5 rats (D:1)
37 creatures vanquished.

Notes
Turn   | Place    | Note
--------------------------------------------------------------
     0 | D:1      | hexophile the Naga Wizard began the quest for the Orb.
     0 | D:1      | Reached XP level 1. HP: 15/15 MP: 4/4
   644 | D:1      | Reached XP level 2. HP: 22/22 MP: 1/6
  1256 | D:1      | Learned a level 2 spell: Blink
  1443 | D:1      | Reached XP level 3. HP: 25/28 MP: 1/7
  2221 | D:2      | Learned a level 3 spell: Conjure Flame
  2225 | D:2      | Learned a level 3 spell: Mephitic Cloud
  2586 | D:2      | Reached XP level 4. HP: 36/36 MP: 6/9
  2941 | D:2      | Slain by an adder

Vault maps used:
D:1:      minmay_arrival_arboretum_small, minivault_4, hex_medium, roderic_whirl
D:2:      lemuel_coloured_pillars_altar, first_bread, kennysheep_generic_room_16

Action                   |  1- 3 |  4- 6 || total
-------------------------+-------+-------++-------
Melee: Dagger            |    40 |    12 ||    52
 Cast: Magic Dart        |    89 |    17 ||   106
 Abil: Spit Poison       |    17 |     1 ||    18
  Use: Scroll            |     5 |     1 ||     6
       Potion            |     1 |       ||     1
 Stab: Sleeping          |     1 |       ||     1
  Eat: Bread ration      |     1 |       ||     1
       Chunk             |     1 |       ||     1
